 Dungeon Crawl Stone Soup version 0.32-a0-886-g41c5271027 (webtiles) character file.

Game seed: 10492300872530863257

144 Bediveer the Conjurer (level 5, -2/31 HPs)
             Began as an Octopode Conjurer on Apr 3, 2024.
             Slain by a river rat (3 damage)
             ... on level 3 of the Dungeon.
             The game lasted 00:03:50 (2485 turns).

Bediveer the Conjurer (Octopode Conjurer)           Turns: 2485, Time: 00:03:50

Health: -2/31      AC:  1    Str:  6    XL:     5   Next: 27%
Magic:  10/10      EV:  2    Int: 22    God:
Gold:   133        SH:  0    Dex: 11    Spells: 8/11 levels left

rFire   . . .        k - +3 quarterstaff (chaos)
rCold   . . .        (shield currently unavailable)
rNeg    . . .        (helmet restricted)
rPois   .            (no amulet)
rElec   .            (no ring)
rCorr   .            (no ring)
SInv    .            (no ring)
Will    .....        (no ring)
Stlth   +++          (no ring)
HPRegen 0.25/turn    (no ring)
MPRegen 0.12/turn    (no ring)
                     (no ring)

%: no passive effects
@: constricted
A: almost no armour, amphibious, 8 rings, camouflage 1, gelatinous body 1,
(nimble swimmer 1), tentacles
a: no special abilities


You were on level 3 of the Dungeon.
You visited 1 branch of the dungeon, and saw 3 of its levels.

You collected 133 gold pieces.

Inventory:

Hand Weapons
 b - a +0 mace
 k - a +3 quarterstaff of chaos (weapon)
Jewellery
 i - an amulet of the acrobat
 j - an amulet of faith
Scrolls
 d - 3 scrolls of teleportation
 g - a scroll of revelation
Potions
 a - a potion of cancellation {unknown}
 c - a potion of ambrosia {unknown}
 e - a potion of curing {unknown}
 h - a potion of attraction {unknown}


   Skills:
 - Level 2.0 Dodging
 - Level 2.6 Stealth
 + Level 3.7 Spellcasting
 + Level 5.3 Conjurations


You had 8 spell levels left.
You knew the following spells:

 Your Spells              Type           Power      Damage    Failure   Level
a - Magic Dart            Conj           100%       1d8       1%          1
b - Searing Ray           Conj           54%        2d6       1%          2

Your spell library contained the following spells:

 Spells                   Type           Power      Damage    Failure   Level
 Blink                    Tloc           8%         N/A       17%         2
 Call Imp                 Summ           8%         N/A       17%         2
 Fulminant Prism          Conj/Alch      7%         3d6       36%         4
 Iskenderun's Mystic Bla Conj/Tloc 15%            2d5        (+2d2     36%         4


Dungeon Overview and Level Annotations

Branches:
Dungeon (3/15)

Altars:
Qazlal
Sif Muna

Shops:
D:3 (

Portals:
Sewer: D:3


Innate Abilities, Weirdness & Mutations

You cannot wear most types of armour.
You are amphibious.
You can wear up to eight rings at the same time.
Your skin changes colour to match your surroundings (Stealth+).
Your rubbery body absorbs attacks. (AC +1, EV +1)
((You are camouflaged when in or above water. (Stealth+)))
You have tentacles for arms and can constrict up to eight enemies at once.


Message History

You add the spells Blink and Call Imp to your library.
Found a shimmering blue altar of Sif Muna.
You hear the quick rusting of a drain.
Found a scroll of teleportation.
Found a stone staircase leading down.
Found a stone staircase leading up.
Found Dustranly's Antique Weapon Shoppe.
A ball python and a rat come into view.
A ball python and a river rat come into view.
Found a glowing drain.
There is a stone staircase leading up here.
The ball python hisses angrily.
The rat squeaks loudly.
The river rat squeaks loudly.
The ball python misses you. The ball python closely misses you.
The ball python bites you. The ball python barely misses you.
The ball python bites you. The ball python barely misses you.
The ball python closely misses you. The ball python grabs you.
The ball python constricts you. The ball python bites you.
The ball python's grasp on you weakens, but your attempt to escape fails.
The ball python bites you. The ball python constricts you.
The river rat bites you. The ball python bites you.
The rat bites you but does no damage.
The ball python's grasp on you weakens, but your attempt to escape fails.
The ball python bites you. The ball python constricts you.
The ball python bites you. The river rat bites you.
* * * LOW HITPOINT WARNING * * *
The ball python bites you.
* * * LOW HITPOINT WARNING * * *
The ball python constricts you.
* * * LOW HITPOINT WARNING * * *
The rat bites you.
* * * LOW HITPOINT WARNING * * *
As you read the scroll labelled EVECLI FIYTHRAE, it crumbles to dust.
It is a scroll of identify.
g - a scroll of revelation The ball python barely misses you.
The ball python bites you.
* * * LOW HITPOINT WARNING * * *
The ball python constricts you.
* * * LOW HITPOINT WARNING * * *
The river rat bites you.
You die...

####.....##∩.
#....?..>....
#.##.....## #.##.....#
#.####.### #.# #<#
........ ###.# ##.#
≈≈≈≈≈≈≈.≈..
#...###S.#..≈.......≈.#
#.###~~@S...≈.≈≈.≈≈.≈..#
#.# #~~rr...≈.≈...§.≈..
#.# #~~~....≈.≈._.≈.≈.##
#.# #~~~~.#.≈.≈...≈.≈...
#.# #∩~~~.#.≈.≈≈≈≈≈.≈...
#.# #######.≈..§....≈.##
#.# #.# #.≈≈≈≈≈≈≈≈≈...
#.# #.# #.............
#.# #.# ###.###.#....#


You could see a river rat, 2 ball pythons and a rat.

Vanquished Creatures
  Crazy Yiuf (D:3)
  An orc priest (D:3)
  An orc wizard (D:3)
  An adder (D:3)
  A dart slug (D:3)
  4 orcs (D:3)
  3 bats
  3 endoplasms
  4 giant cockroaches
  A hobgoblin (D:2)
  8 jackals
  3 quokkas
  A ball python (D:2)
  A frilled lizard (D:3)
  2 goblins
  6 kobolds
  6 rats
47 creatures vanquished.

Notes
Turn   | Place    | Note
-------+----------+-------------------------------------------
     0 | D:1      | Bediveer the Octopode Conjurer began the quest for the Orb.
     0 | D:1      | Reached XP level 1. HP: 11/11 MP: 3/3
   399 | D:1      | Reached XP level 2. HP: 17/17 MP: 3/5
   959 | D:1      | Learned a level 2 spell: Searing Ray
  1341 | D:2      | Reached XP level 3. HP: 21/21 MP: 2/6
  2151 | D:3      | Found a runed translucent door.
  2152 | D:3      | Noticed Crazy Yiuf
  2158 | D:3      | Killed Crazy Yiuf
  2159 | D:3      | Reached XP level 4. HP: 27/27 MP: 3/8
  2224 | D:3      | Reached skill level 5 in Conjurations
  2228 | D:3      | Reached XP level 5. HP: 17/31 MP: 0/10
  2373 | D:3      | Found a stormy altar of Qazlal.
  2429 | D:3      | Found a shimmering blue altar of Sif Muna.
  2476 | D:3      | Found Dustranly's Antique Weapon Shoppe.
  2479 | D:3      | Found a glowing drain.
  2485 | D:3      | HP: 1/31 [constriction (2)]
  2485 | D:3      | Slain by a river rat

Illustrated notes

Levels and vault maps discovered:
D:1:      shiori_arrival_elements, layout_basic
D:2:      minmay_wonky_spiral, layout_loops_ring
D:3:      layout_loops_ring, led_sif_book,
          mainiacjoe_overflow_concentric_impassable,
          mainiacjoe_overflow_chevrons, portal_sewer_entry_b, serial_shops,
          shop, shop, shop, uniq_crazy_yiuf_cottage

Skill      XL: |  1  2  3  4 |
---------------+-------------+-----
Spellcasting   | 3 |  3.7
Conjurations   | 5 |  5.3
Dodging        | |  2.0
Stealth        | |  2.6

Action                     |  1- 3 |  4- 6 || total
---------------------------+-------+-------++-------
  Melee: Mace              |     8 |       ||     8
         Constrict         |     4 |     2 ||     6
         Tentacles         |     3 |     1 ||     4
         Quarterstaff      |       |     9 ||     9
   Cast: Magic Dart        |    50 |    14 ||    64
         Searing Ray       |     3 |     1 ||     4
    Use: Potion            |     1 |       ||     1
         Scroll            |     1 |     1 ||     2
 Armour: Skin              |    18 |    23 ||    41
  Dodge: Dodged            |    25 |    10 ||    35

Table legend: (Time is in decaauts)
 A = Elapsed time spent in this place.
 B = Non-inter-level travel time spent in this place.
 C = Inter-level travel time spent in this place.
 D = Time resting spent in this place.
 E = Time spent auto-exploring this place.
 F = Levels seen in this place.
 G = Mean time per level.
                   A        B        C        D        E       F      G
               +--------+--------+--------+--------+--------+-----+--------+
         Total |   2491 |   2366 |    125 |      0 |   2027 |   3 |  830.3 |
       Dungeon |   2491 |   2366 |    125 |      0 |   2027 |   3 |  830.3 |
               +--------+--------+--------+--------+--------+-----+--------+

Top non-repeatable levels by time:
     D:1: 1036 daAuts
     D:2: 976 daAuts
     D:3: 477 daAuts
